 Dungeon Crawl Stone Soup version 0.28.0-45-g0d030f2227 (webtiles) character file.

Game seed: 12468480580679436990

84 Zeor the Twirler (level 4, -5/27 HPs)
             Began as a Gargoyle Gladiator on Apr 8, 2022.
             Killed from afar by an orc wizard (6 damage)
             ... with a magic dart
             ... on level 3 of the Dungeon.
             The game lasted 00:05:31 (1704 turns).

Zeor the Twirler (Gargoyle Gladiator)               Turns: 1704, Time: 00:05:32

Health: -5/27      AC:  7    Str: 20    XL:     4   Next: 45%
Magic:  4/4        EV: 12    Int:  8    God:
Gold:   168        SH:  0    Dex: 11    Spells: 3/3 levels left

rFire   + . .      SeeInvis .   a - +0 quarterstaff
rCold   . . .      Faith    .   (shield currently unavailable)
rNeg    + . .      Spirit   .   b - +0 leather armour
rPois   ∞          Reflect  .   c - +0 helmet
rElec   +          Harm     .   (no cloak)
rCorr   .          Rampage  .   (no gloves)
Will    .....                   (no boots)
Stlth   +.........              (no amulet)
HPRegen 0.09/turn               k - ring of protection from fire
MPRegen 0.09/turn               (no ring)

@: confused, on berserk cooldown, slowed, very slow
A: sickness immunity, AC +3, negative energy resistance 1, electricity
resistance, torment resistance 1, petrification resistance
a: no special abilities


You were on level 3 of the Dungeon.
You visited 1 branch of the dungeon, and saw 3 of its levels.

You collected 168 gold pieces.

Inventory:

Hand Weapons
 a - a +0 quarterstaff (weapon)
 g - a +2 dagger of electrocution
 l - a +4 dagger
 o - a +1 rapier of holy wrath
Missiles
 d - 3 throwing nets (quivered)
 e - 4 poisoned darts
 m - 44 bolts
Armour
 b - a +0 leather armour (worn)
 c - a +0 helmet (worn)
 r - a +0 chain mail
Jewellery
 f - a ring of flight
 h - a ring of magical power
 j - a +6 ring of intelligence
 k - a ring of protection from fire (left hand)
 n - a ring of willpower
Scrolls
 q - a scroll of fear {unknown}


   Skills:
 * Level 2.9 Fighting
 + Level 4.1 Staves
 + Level 1.8 Throwing
 + Level 1.2 Armour
 + Level 2.7 Dodging
 + Level 0.4 Stealth


You had 3 spell levels left.
You didn't know any spells.
Your spell library was empty.

Dungeon Overview and Level Annotations

Branches:
Dungeon (3/15)

Altars:


Innate Abilities, Weirdness & Mutations

You are immune to sickness and miasma.
Your stone body is resilient. (AC +3)
You are immune to poison.
You resist negative energy. (rN+)
You are resistant to electric shocks. (rElec)
You are resistant to unholy torment.
You are immune to petrification.


Message History

Something hits you but does no damage. The orc hits you with a +0 dagger.
* * * LOW HITPOINT WARNING * * *
It was a potion of curing.
You feel better. Something hits you. The orc hits you with a +0 dagger.
* * * LOW HITPOINT WARNING * * *
A red film seems to cover your vision as you go berserk!
You feel yourself moving faster!
You feel mighty! Something hits you.
* * * LOW HITPOINT WARNING * * *
The orc closely misses you.
You sock the orc!
You kill the orc!
You closely miss something.
You hear some strange, mumbled words.
You are confused.
You bump into the rock wall.
Something hits you but does no damage.
You feel a strong urge to attack something.
Something hits you.
* * * LOW HITPOINT WARNING * * *
You bump into the rock wall.
You miss something. Something hits you but does no damage.
You bump into the rock wall.
You are no longer berserk.
You are exhausted.
You feel yourself slow down. Something hits you but does no damage.
You sock something!
You hear some strange, mumbled words.
You are more confused.
You're too confused to move!
An orc wizard appears from thin air!
Reactivating autopickup.
The orc wizard hits you with a +0 dagger.
* * * LOW HITPOINT WARNING * * *
The orc wizard closely misses you.
You barely miss the orc wizard.
The orc wizard is severely wounded.
The orc wizard points at you and mumbles some strange words.
The puff of flame hits you. You resist.
* * * LOW HITPOINT WARNING * * *
The orc wizard casts a spell at you. The magic dart hits you.
You die...

∙∙∙∙∙∙∙∙∙∙∙▒▒∙∙∙∙
∙∙∙∙∙∙∙▒▒▒∙∙▒∙∙∙∙∙
∙∙∙∙∙∙∙∙∙∙∙∙∙∙∙∙∙▒
▒∙∙∙∙∙∙∙∙∙∙∙∙∙∙∙∙▒
▒∙∙∙∙∙∙∙∙∙∙∙∙▒∙∙∙▒▒
∙∙∙∙∙∙∙∙∙∙∙∙∙∙∙∙∙∙▒
∙∙∙∙∙∙∙∙∙∙∙∙∙▒▒∙▒∙▒
∙∙∙∙∙∙∙∙∙∙∙∙▒▒▒∙∙∙▒
∙∙∙∙∙∙∙∙∙∙∙∙▒▒▒▒9∙▒
∙∙▒▒∙∙∙▒▒∙∙$∙∙▒▒∙o▒
▒∙∙∙∙∙∙▒▒∙∙∙∙∙▒▒▒)▒▒▒▒▒
∙∙∙∙∙∙∙▒▒∙∙∙∙∙▒ ▒∙∙∙^∙▒
∙∙∙∙∙▒▒▒▒∙∙∙∙∙▒ ▒∙∙∙∙∙▒
∙∙∙▒∙
▒▒∙∙∙∙∙▒▒▒▒∙∙∙∙▒▒▒▒


∙∙∙∙∙ ∙∙∙∙∙∙∙∙∙∙▒▒∙∙∙∙∙∙∙∙ ∙▒▒▒▒ ▒∙▒∙∙∙∙∙∙∙∙∙∙∙∙∙∙∙∙∙ ▒∙∙∙∙∙∙∙▒∙∙∙∙∙∙∙∙∙∙∙ You
could see an orc wizard.

Vanquished Creatures
  3 adders (D:2)
  A dart slug (D:2)
  3 orcs (D:3)
  3 endoplasms
  A giant cockroach (D:1)
  8 goblins
  5 hobgoblins (D:1)
  2 jackals (D:1)
  7 ball pythons
  4 bats
  A frilled lizard (D:1)
  6 kobolds
  6 rats
50 creatures vanquished.

Notes
Turn   | Place    | Note
-------+----------+-------------------------------------------
     0 | D:1      | Zeor the Gargoyle Gladiator began the quest for the Orb.
     0 | D:1      | Reached XP level 1. HP: 12/12 MP: 1/1
   130 | D:1      | Reached XP level 2. HP: 15/17 MP: 2/2
   675 | D:1      | Reached XP level 3. HP: 20/21 MP: 3/3
   950 | D:2      | Reached skill level 1 in Armour
  1078 | D:2      | Found a faded altar of an unknown god.
  1254 | D:2      | Reached XP level 4. HP: 27/27 MP: 4/4
  1298 | D:2      | Reached skill level 4 in Staves
  1692 | D:3      | HP: 1/27 [orc/+0 dagger (1)]
  1704 | D:3      | HP: 1/27 [orc wizard/puff of flame (5)]
  1704 | D:3      | Killed from afar by an orc wizard

Illustrated notes

Levels and vault maps discovered:
D:1:      enne_arrival_octagon_isle, layout_loops_ring,
          minmay_misc_feat_pillars, hex_tiny
D:2:      layout_basic, hellmonk_ecumenical_altar_lost_god,
          hangedman_abyss_or_decor_stabs
D:3:      layout_rooms

Skill      XL: |  1  2  3  4 |
---------------+-------------+-----
Armour         | 1 |  1.2
Staves         | 4 |  4.1
Fighting       | |  2.9
Throwing       | |  1.8
Dodging        | |  2.7
Stealth        | |  0.4

Action                   |  1- 3 |  4- 6 || total
-------------------------+-------+-------++-------
Melee: Quarterstaff      |    90 |    29 ||   119
  Use: Scroll            |     3 |     1 ||     4
       Potion            |       |     2 ||     2
Armor: Leather armour    |    31 |    10 ||    41
Dodge: Dodged            |    54 |    16 ||    70
